 Dungeon Crawl Stone Soup version 0.22-a0-422-g9628fc8 (webtiles) character file.

914 PegasusDuck the Magician (level 8, -5/45 HPs)
             Began as a Tengu Wizard on May 17, 2018.
             Killed from afar by an electric eel (15 damage)
             ... with a bolt of electricity
             ... on level 8 of the Dungeon.
             The game lasted 00:14:12 (6925 turns).

PegasusDuck the Magician (Tengu Wizard)             Turns: 6925, Time: 00:14:13

Health: -5/45      AC:  4    Str: 11    XL:     8   Next: 9%
Magic:  2/18       EV: 14    Int: 21    God:
Gold:   170        SH:  0    Dex: 12    Spells: 10/19 levels left

rFire    . . .     SeeInvis .   k - +4 short sword (speed)
rCold    . . .     Gourm    +   (no shield)
rNeg     . . .     Faith    .   d - +1 leather armour of Sahem {Str+3}
rPois    .         Spirit   .   b - +0 hat
rElec    .         Reflect  .   (no cloak)
rCorr    .         Harm     .   (no gloves)
MR       .....     Rnd*Tele +   (boots unavailable)
Stlth    ++........             j - amulet of the gourmand
HPRegen  0.15/turn              n - ring of teleportation (curse)
MPRegen  0.16/turn              (no ring)

@: flying quickly and evasively, quick
A: beak, talons 3, able to fly 1
a: no special abilities


You were on level 8 of the Dungeon.
You were not hungry.

You visited 1 branch of the dungeon, and saw 7 of its levels.

You collected 170 gold pieces.

Inventory:

Hand Weapons
 k - a +4 short sword of speed (weapon)
Armour
 b - a +0 hat (worn)
 c - the +0 pair of gloves "Roqattol" {rElec rC+++ MR- Dex-4}
   (You found it on level 5 of the Dungeon)

   It affects your dexterity (-4).
   It renders you almost immune to cold.
   It insulates you from electricity.
   It affects your resistance to hostile enchantments.
 d - the +1 leather armour of Sahem (worn) {Str+3}
   (You found it on level 8 of the Dungeon)

   It affects your strength (+3).
Jewellery
 j - an amulet of the gourmand (around neck)
 n - a cursed ring of teleportation (left hand)
Wands
 e - a wand of polymorph (7)
 m - a wand of iceblast (4)
Scrolls
 l - a scroll of amnesia
Comestibles
 f - 5 rations


   Skills:
 + Level 2.3 Fighting
 - Level 2.1 Dodging
 - Level 2.0 Stealth
 - Level 6.4 Spellcasting
 - Level 5.2 Conjurations
   Level 1.2 Summonings
 - Level 0.7 Translocations
 + Level 5.4 Air Magic


You had 10 spell levels left.
You knew the following spells:

 Your Spells              Type           Power        Failure   Level  Hunger
a - Magic Dart            Conj           ####         1%          1    None
b - Mephitic Cloud        Conj/Pois/Air  ###.....     9%          3    #......
c - Conjure Flame         Conj/Fire      ###.....     13%         3    #......
d - Blink                 Tloc           N/A          14%         2    None

Your spell library contained the following spells:

 Spells                   Type           Power        Failure   Level  Hunger
 Slow                     Hex            #.......     19%         2    None
 Call Imp                 Summ           ##......     12%         2    None


Dungeon Overview and Level Annotations

Branches:
Dungeon (9/15)
 Temple: D:4-7         Lair: D:8-11         Orc: D:9-12

Altars:
Dithmenos
Elyvilon
Gozag
Makhleb
Nemelex Xobeh
Okawaru
Qazlal
Ru
Vehumet
Yredelemnul
The Shining One

Annotations:
D:4 Blork the orc; PegasusDuck's ghost, amateur TeWn
D:8 Maurice


Innate Abilities, Weirdness & Mutations

You have a beak for a mouth.
You have claws for feet.
You can fly.


Message History

The jackal bites you.
* * * LOW HITPOINT WARNING * * *
There is an open door here.
The jackal closely misses you. The jackal barely misses you.
The jackal bites you but does no damage.
You swoop lightly up into the air.
You feel very comfortable in the air.
You feel somewhat more hungry.
The jackal bites you but does no damage.
Something unseen opens the door.
The jackal misses you.
Something unseen opens the door.
You feel a little less agile now.
An orc comes into view. It is wielding a dagger.
An electric eel comes into view.
The electric eel shoots out a bolt of lightning at you!
The bolt of electricity misses you.
The electric eel shoots out a bolt of lightning at you!
The bolt of electricity hits you!
You die...

#........................# #.
#........................###.
#........................#.#.
#.............O....[....#.#.#
.........≈≈≈≈≈≈≈≈#'#+#+#.#.#.
########≈≈≈≈≈≈≈≈≈≈#.#.#+#+#.#
o..≈≈###≈≈###≈≈#O#.....#.
#..≈≈# #≈≈# #≈≈h#'.....+# #.#
#@≈#+#≈≈#.#..^.... #
#≈≈≈≈≈≈≈≈≈≈≈≈.#.#+#'...
#≈≈≈≈≈≈≈≈≈≈≈≈#'#.#.#...
#≈≈###≈≈###≈≈...#.#.... #≈
#≈≈+ #≈≈...+#.#.#' #
#≈≈###≈≈...#.#.#.#
;≈≈≈≈≈≈...{+#.#.#. ######
≈≈≈≈≈≈.....#.#+#.# .?...#####
..$............+


You could see a two-headed ogre and an electric eel.

Vanquished Creatures
  A slave (D:4)
  3 ogres
  A big kobold (D:8)
  A scorpion (D:8)
  2 crimson imps
  3 orc wizards
  3 orc priests
  A bullfrog skeleton (D:4)
  An iguana (D:4)
  4 worker ants
  6 adders
  An ooze (D:1)
  5 worms
  2 dart slugs
  3 leopard geckos
  16 orcs
  5 bats
  3 giant cockroaches
  9 goblins
  2 hobgoblins
  10 jackals
  3 quokkas
  6 frilled lizards
  A jackal skeleton (D:4)
  11 kobolds
  4 rats
107 creatures vanquished.

Vanquished Creatures (others)
  A bush (D:9)
  A fungus (D:9)
  5 plants (D:9)
7 creatures vanquished.

Grand Total: 114 creatures vanquished

Notes
Turn   | Place    | Note
-------+----------+-------------------------------------------
     0 | D:1      | PegasusDuck the Tengu Wizard began the quest for the Orb.
     0 | D:1      | Reached XP level 1. HP: 10/10 MP: 5/5
   340 | D:1      | Reached XP level 2. HP: 15/15 MP: 0/7
  1275 | D:2      | Reached XP level 3. HP: 18/19 MP: 2/8
  1504 | D:2      | Found a sacrificial altar of Ru.
  1519 | D:2      | Found a glowing golden altar of the Shining One.
  1522 | D:2      | Found a white marble altar of Elyvilon.
  1819 | D:2      | Reached skill level 5 in Conjurations
  1819 | D:2      | Reached XP level 4. HP: 21/24 MP: 7/9
  2103 | D:2      | Found a stormy altar of Qazlal.
  2247 | D:2      | Found an opulent altar of Gozag.
  2248 | D:2      | Found a sparkling altar of Nemelex Xobeh.
  2499 | D:2      | Learned a level 3 spell: Mephitic Cloud
  3156 | D:3      | Gained mutation: You can fly. [Tengu growth]
  3156 | D:3      | Reached XP level 5. HP: 28/28 MP: 3/11
  3447 | D:3      | Found a radiant altar of Vehumet.
  3448 | D:3      | Found a burning altar of Makhleb.
  3456 | D:3      | Reached skill level 4 in Spellcasting
  3689 | D:3      | Found a basalt altar of Yredelemnul.
  3856 | D:3      | Found a shadowy altar of Dithmenos.
  3981 | D:4      | Noticed PegasusDuck's ghost (amateur TeWn)
  3998 | D:4      | Noticed Blork the orc
  4177 | D:4      | Found an iron altar of Okawaru.
  4778 | D:4      | Reached XP level 6. HP: 23/32 MP: 9/14
  4783 | D:4      | Learned a level 3 spell: Conjure Flame
  4790 | D:4      | Reached skill level 5 in Spellcasting
  4900 | D:4      | Learned a level 2 spell: Blink
  5253 | D:4      | Noticed a slave
  5308 | D:4      | Killed a slave
  5533 | D:4      | Noticed a slave
  5535 | D:4      | Noticed a slave
  5548 | D:5      | Entered Level 5 of the Dungeon
  5603 | D:5      | Reached skill level 6 in Spellcasting
  5629 | D:5      | Reached XP level 7. HP: 14/36 MP: 1/17
  5841 | D:5      | Got a pair of bloodstained gloves
  5854 | D:5      | Identified the +0 pair of gloves "Roqattol" {rElec rC+++ MR- Dex-4} (You found it on level 5 of the Dungeon)
  5960 | D:5      | You fall through a shaft for 3 floors!
  6174 | D:8      | Reached skill level 1 in Fighting
  6174 | D:8      | Reached skill level 5 in Air Magic
  6596 | D:8      | Reached XP level 8. HP: 21/44 MP: 11/18
  6812 | D:8      | Got a spiked leather armour
  6824 | D:8      | Identified the +1 leather armour of Sahem {Str+3} (You found it on level 8 of the Dungeon)
  6848 | D:8      | Noticed a two-headed ogre
  6884 | D:8      | Noticed Maurice
  6925 | D:8      | Killed from afar by an electric eel

Vault maps used:
D:1:      lightli_arrival_flooded_house, item_on_display_a
D:2:      grunt_temple_overflow_opulence, grunt_qazlal_sundering,
          grunt_temple_overflow_open, first_ration, serial_bayou_lagoon_a
D:3:      grunt_temple_overflow_lords_of_destruction, yredelemnul_altar_generic,
          nicolae_dithmenos_through_a_glass_darkly
D:4:      enter_ossuary_1, okawaru_metal_pillars_1_2, uniq_pikel,
          uniq_blork_the_orc
D:5:      old_forge, hangedman_abyss_or_decor_passed, minmay_joined_circles
D:8:      water_boxes_lemuel, uniq_gastronok, uniq_maurice
D:9:      cheibrodos_two_vegetables, kennysheep_mini, minmay_lair_entry_grove,
          hangedman_fish_farm

Skill      XL: |  1  2  3  4  5  6  7  8 |
---------------+-------------------------+-----
Conjurations   | 2 3 5 |  5.2
Spellcasting   | 4 6 |  6.4
Air Magic      | 5 |  5.4
Fighting       | 1 2 |  2.3
Dodging        | |  2.1
Stealth        | |  2.0
Summonings     | |  1.2
Translocations | |  0.7

Action                   |  1- 3 |  4- 6 |  7- 9 || total
-------------------------+-------+-------+-------++-------
Melee: Short sword       |    22 |    83 |    57 ||   162
       Kick              |     2 |    14 |    12 ||    28
       Peck              |     2 |     8 |     5 ||    15
 Cast: Magic Dart        |    59 |   112 |    52 ||   223
       Mephitic Cloud    |       |     4 |     9 ||    13
       Conjure Flame     |       |     1 |       ||     1
       Blink             |       |       |     8 ||     8
 Abil: Fly               |       |     3 |     1 ||     4
Evoke: Wand              |       |     1 |     4 ||     5
  Use: Scroll            |     3 |     7 |     1 ||    11
       Potion            |       |     4 |     2 ||     6
 Stab: Confused          |       |     1 |     5 ||     6
  Eat: Chunk             |     2 |     7 |       ||     9
       Ration            |       |     2 |     1 ||     3
Armor: Leather armour    |     6 |    20 |    12 ||    38
Dodge: Dodged            |    19 |    47 |    46 ||   112

Table legend:
 A = Spawn XP
 B = Non-spawn XP
 C = Spawn XP percentage of total XP
 D = Spawn monster count
 E = Non-spawn monster count
 F = Spawn count percentage of total count
 G = Total turns spent on level
                    A         B        C        D         E        F      G
               +---------+---------+-------+---------+---------+-------+---------
         Total |       0 |    1307 |   0.0 |       0 |     106 |   0.0 |  6925
               +---------+---------+-------+---------+---------+-------+---------
           D:1 |       0 |      27 |   0.0 |       0 |      14 |   0.0 |  1201
           D:2 |       0 |      71 |   0.0 |       0 |      19 |   0.0 |  1527
           D:3 |       0 |     199 |   0.0 |       0 |      29 |   0.0 |  1753
           D:4 |       0 |     208 |   0.0 |       0 |      11 |   0.0 |  1067
           D:5 |       0 |     372 |   0.0 |       0 |      16 |   0.0 |   412
           D:8 |       0 |     428 |   0.0 |       0 |      15 |   0.0 |   729
           D:9 |       0 |       2 |   0.0 |       0 |       2 |   0.0 |   236
               +---------+---------+-------+---------+---------+-------+---------
